 Dungeon Crawl Stone Soup version 0.27-a0-1046-g98bf31544f (webtiles) character file.

Game seed: 7295113031526183250

15458 Lemonice the Thaumaturge (level 12, -1/88 HPs)
             Began as a Djinni Fire Elementalist on Apr 19, 2021.
             Was an Initiate of Ru.
             Slain by an ogre
             ... wielding a +0 giant club
              (4 damage)
             ... on level 1 of the Orcish Mines.
             The game lasted 00:44:07 (11506 turns).

Lemonice the Thaumaturge (DjFE)                    Turns: 11506, Time: 00:44:08

Health: -1/88      AC:  7    Str: 11    XL:     12   Next: 27%
Gold:   757        EV: 17    Int: 16    God:    Ru [......] SH:  0 Dex: 16

rFire    + + .     SeeInvis +   (no weapon)
rCold    x . .     Faith    .   (no shield)
rNeg     . . .     Spirit   .   H - +1 leather armour {Will+}
rPois    ∞         Reflect  .   J - +0 helmet
rElec    .         Harm     .   x - +0 cloak
rCorr    .         Rampage  .   (no gloves)
Will     +++..                  (boots unavailable)
Stlth    ++........             h - amulet of regeneration
HPRegen  1.24/turn              u - ring of see invisible
MPRegen  0.00/turn              N - ring of willpower

@: flying
A: fire resistance 2, cold vulnerability 1, float, innate caster, hp casting,
extra vitality 1
a: Renounce Religion


You were on level 1 of the Orcish Mines.
You worshipped Ru.
Ru was noncommittal.
You visited 3 branches of the dungeon, and saw 13 of its levels.
You also visited: Sewer and Bailey.

You collected 757 gold pieces.

Inventory:

Hand Weapons
 F - a +5 spear
 S - the +6 mace "Kiuruoz" {vorpal, *Rage rCorr Int+4}
   (You found it in a bailey)

   It inflicts extra damage upon your enemies.
   It affects your intelligence (+4).
   It may make you go berserk in combat.
   It protects you from acid and corrosion.
Missiles
 e - 92 boomerangs
 k - 5 atropa-tipped darts
 o - a curare-tipped dart
Armour
 a - a +0 robe
 x - a +0 cloak (worn)
 H - a +1 leather armour of willpower (worn)
 J - a +0 helmet (worn)
Magical Staves
 G - a staff of air
 M - a staff of earth
 P - a staff of cold
Jewellery
 f - a ring of poison resistance
 h - an amulet of regeneration (around neck)
 u - a ring of see invisible (left hand)
 y - an amulet of magic regeneration
 N - a ring of willpower (right hand)
Wands
 A - a wand of flame (53)
 C - a wand of charming (10)
 E - a wand of acid (3)
 I - a wand of iceblast (7)
Scrolls
 c - 4 scrolls of blinking {unknown}
 d - 4 scrolls of noise
 i - 5 scrolls of acquirement {unknown}
 j - 12 scrolls of identify {unknown}
 p - 2 scrolls of fear {unknown}
 q - 9 scrolls of teleportation {unknown}
 r - 7 scrolls of amnesia {unknown}
 s - 2 scrolls of enchant weapon {unknown}
 t - a scroll of immolation {unknown}
 w - 3 scrolls of silence {unknown}
 D - 3 scrolls of fog {unknown}
 K - 2 scrolls of vulnerability {unknown}
 L - a scroll of enchant armour {unknown}
 O - a scroll of torment {unknown}
 Q - 2 scrolls of holy word {unknown}
Potions
 b - 2 potions of brilliance {unknown}
 g - 10 potions of curing
 l - 2 potions of attraction {unknown}
 m - 5 potions of heal wounds {unknown}
 n - 4 potions of haste {unknown}
 v - a potion of mutation {unknown}
 z - 4 potions of flight {unknown}
 B - 2 potions of berserk rage {unknown}
 R - 2 potions of might {unknown}


   Skills:
 + Level 8.8 Fighting
 + Level 8.7 Armour
 + Level 10.0 Dodging
 - Level 1.5 Stealth
 * Level 10.8 Spellcasting


You had 4 spell levels left.
You knew the following spells:

 Your Spells              Type           Power      Damage    Failure   Level
a - Foxfire               Conj/Fire      100%       2x1d9     1%          1
b - Conjure Flame         Conj/Fire      43%        6-21      1%          3
c - Inner Flame           Hex/Fire       43%        N/A       1%          3
d - Sticky Flame          Conj/Fire      43%        2d6       1%          4
e - Fireball              Conj/Fire      21%        3d10      3%          5
f - Beastly Appendage     Tmut           86%        N/A       1%          1
g - Slow                  Hex            43%        N/A       1%          2
h - Wereblood             Tmut           43%        N/A       1%          2
i - Summon Guardian Gole  Hex/Summ       43%        N/A       1%          3
j - Airstrike             Air            21%        N/A       1%          4
Your spell library was empty.

Dungeon Overview and Level Annotations

Branches:
Dungeon (10/15)            Temple (1/1) D:6            Lair (0/6) D:10
    Orc (2/2) D:10            Elf (0/3) Orc:2         Sewer (visited)
 Bailey (visited)

Altars:
Ashenzari
Cheibriados
Dithmenos
Elyvilon
Fedhas
Hepliaklqana
Kikubaaqudgha
Makhleb
Nemelex Xobeh
Okawaru
Qazlal
Ru
Sif Muna
Trog
Uskayaw
Wu Jian
Xom
Yredelemnul
Zin
The Shining One

Shops:
D:3 [   D:6 :

Annotations:
D:10 3 runed translucent doors


Innate Abilities, Weirdness & Mutations

You are immune to poison.
Your flesh is very heat resistant. (rF++)
You are vulnerable to cold. (rC-)
You float through the air rather than walking.
You learn spells naturally, not from books.
Your magical power is your life essence.
You have superior vitality. (+4 HP)


Message History

Press: ? - help, Shift-Dir - straight line, f - orc
Aim: an orc, wielding a +0 short sword and wearing a +0 leather armour (100% to hit)
The sticky flame hits the orc.
The orc is severely wounded.
The orc is covered in liquid flames!
The orc burns!
You kill the orc!
You fly downwards.
An ogre and a two-headed ogre come into view.
The two-headed ogre shouts in stereo!
The ogre shouts!
You hear a shout!
You hear two shouts!
You hear a shout!
An ogre comes into view. It is wielding a +0 giant spiked club.
The deep troll bites you but does no damage.
The deep troll claws you! x2
An ogre comes into view. It is wielding a +0 giant club.
The troll misses you. The troll closely misses you.
The troll barely misses you.
The two-headed ogre moves out of view.
There is a stone staircase leading up here.
The ogre shouts!
You hear two shouts! x2
The deep troll bites you! The deep troll claws you! x2
* * * LOW HITPOINT WARNING * * *
The ogre barely misses you. The troll misses you. The troll barely misses you.
The troll claws you!
* * * LOW HITPOINT WARNING * * *
You hear two shouts!
You fly upwards.
There is a stone staircase leading down here.
Things that are here:
a +0 giant club; an ogre corpse
As you read the scroll labelled DOSTEPH VI REUJ, it crumbles to dust.
You hear a loud clanging noise!
It was a scroll of noise.
The deep troll bites you!
* * * LOW HITPOINT WARNING * * *
The deep troll claws you.
* * * LOW HITPOINT WARNING * * *
The deep troll claws you.
* * * LOW HITPOINT WARNING * * *
The troll completely misses you. The troll closely misses you.
The troll barely misses you. The ogre misses you.
The ogre hits you with a +0 giant club.
You die...

##.............#
#..≈≈≈≈≈...##..##
###..≈...≈..###...#
##....≈.∩.≈........### ###
#.....≈.>.≈........#.#####.##
##....≈≈≈≈≈............##...##
###..............<..........#
####.........[.T......##.#.##
##.#...#......T@........#.###
##.............OO#...#......#
#...#..##.......)##.###.....##
##.##...##...#)......#.......##
###...###....#......[......#.###
##.###....#......>)..........#
### ##....#.....[............
###................#.#.#
##.#................####


You could see a deep troll, a troll and 2 ogres.

Vanquished Creatures
  An orc warlord (Bailey)
  A two-headed ogre (D:8)
  2 orc knights
  2 manticores (D:9)
  2 orc sorcerers
  A cyclops (D:10)
  A deep elf pyromancer (D:9)
  An ugly thing (D:10)
  A tengu conjurer (D:10)
  2 trolls
  A meliai zombie (D:10)
  2 shadows
  A vampire (D:9)
  2 wraiths (D:9)
  11 yaks (D:10)
  A basilisk (shapeshifter) (D:10)
  A wyvern (D:9)
  A warg (Orc:1)
  A water moccasin (D:5)
  A sky beast (D:7)
  2 black bears (D:6)
  7 orc warriors
  An ice beast (D:6)
  2 necrophages
  3 ogres
  2 centaurs
  A phantom (D:5)
  8 kobold brigands
  2 bullfrogs
  2 wyvern zombies
  3 scorpions (D:5)
  A gnoll sergeant (D:9)
  A water moccasin skeleton (D:6)
  4 killer bees (D:9)
  12 wights (D:8)
  An electric eel (D:6)
  A howler monkey (D:9)
  5 hounds
  6 centaur zombies
  A quasit (D:8)
  A jelly (D:5)
  7 orc priests
  3 gnoll shamans
  Terence (D:3)
  9 orc wizards
  A killer bee zombie (D:5)
  A hound skeleton (D:5)
  A howler monkey zombie (D:10)
  15 gnolls
  11 adders
  2 river rats (Sewer)
  A shadow imp (D:5)
  A white imp (D:6)
  2 ufetubi
  5 worms
  A dart slug (D:2)
  44 orcs
  3 bats
  11 endoplasms
  4 giant cockroaches
  15 goblins
  5 hobgoblins
  9 jackals
  2 quokkas
  4 ball pythons
  5 frilled lizards
  3 goblin skeletons (D:8)
  A goblin zombie (D:8)
  2 hobgoblin zombies (D:8)
  32 kobolds
  A kobold zombie (D:8)
  An orc skeleton (D:8)
  13 rats
318 creatures vanquished.

Vanquished Creatures (collateral kills)
  A foxfire (D:6)
1 creature vanquished.

Vanquished Creatures (others)
  A wizard (D:9)
  729 foxfires
  6 plants (Temple)
736 creatures vanquished.

Grand Total: 1055 creatures vanquished

Notes
Turn   | Place    | Note
-------+----------+-------------------------------------------
     0 | D:1      | Lemonice the Djinni Fire Elementalist began the quest for
                  | the Orb.
     0 | D:1      | Reached XP level 1. HP: 15/15 MP: 0/0
   488 | D:1      | Reached XP level 2. HP: 22/22 MP: 0/0
  1262 | D:2      | Reached skill level 1 in Fighting
  1262 | D:2      | Reached XP level 3. HP: 22/27 MP: 0/0
  1262 | D:2      | Learned a level 1 spell: Beastly Appendage
  2049 | D:2      | Found a faded altar of an unknown god.
  2391 | D:2      | Reached XP level 4. HP: 32/32 MP: 0/0
  2500 | D:3      | Found a glowing drain.
  2511 | Sewer    | Entered a sewer
  2548 | Sewer    | Noticed a kobold brigand
  2556 | Sewer    | Killed a kobold brigand
  2557 | Sewer    | Reached XP level 5. HP: 38/38 MP: 0/0
  2557 | Sewer    | Learned a level 2 spell: Slow
  2624 | Sewer    | Noticed a kobold brigand
  2634 | Sewer    | Killed a kobold brigand
  2674 | Sewer    | Reached XP level 6. HP: 44/45 MP: 0/0
  2946 | Sewer    | Reached skill level 5 in Spellcasting
  2946 | Sewer    | Reached XP level 7. HP: 50/50 MP: 0/0
  2946 | Sewer    | Learned a level 2 spell: Wereblood
  3163 | D:3      | Found an iron altar of Okawaru.
  3270 | D:3      | Found Cukluaru's Armour Boutique.
  3296 | D:3      | Noticed Terence
  3307 | D:3      | Killed Terence
  3663 | D:4      | Reached skill level 5 in Dodging
  3735 | D:4      | Found a snail-covered altar of Cheibriados.
  3880 | D:4      | Identified An Introduction to Spellcraft
  3972 | D:4      | Found a white marble altar of Elyvilon.
  4995 | D:5      | Entered Level 5 of the Dungeon
  5003 | D:5      | Reached XP level 8. HP: 29/58 MP: 0/0
  5215 | D:5      | Found a blossoming altar of Fedhas.
  5577 | D:5      | Reached skill level 5 in Fighting
  5826 | D:6      | Reached XP level 9. HP: 54/65 MP: 0/0
  5826 | D:6      | Learned a level 3 spell: Summon Guardian Golem
  5843 | D:6      | Found a staircase to the Ecumenical Temple.
  5880 | Temple   | Entered the Ecumenical Temple
  6181 | Temple   | Became a worshipper of Ru the Awakened
  6300 | D:6      | Found Ogadit's Book Emporium.
  7140 | D:6      | Found a burning altar of Makhleb.
  8002 | D:7      | Reached XP level 10. HP: 73/73 MP: 0/0
  8073 | D:8      | Found a glowing golden altar of the Shining One.
  8237 | D:8      | Noticed a two-headed ogre
  8248 | D:8      | Killed a two-headed ogre
  8283 | D:8      | Found a broken altar of Ashenzari.
  8326 | D:8      | Reached skill level 1 in Armour
  8389 | D:8      | Found a bloodstained altar of Trog.
  8721 | D:9      | Noticed a manticore
  8725 | D:9      | Killed a manticore
  8997 | D:9      | Noticed a wizard
  9006 | D:9      | Killed a wizard
  9007 | D:9      | Reached skill level 5 in Armour
  9007 | D:9      | Noticed a deep elf pyromancer
  9012 | D:9      | Killed a deep elf pyromancer
  9013 | D:9      | Reached XP level 11. HP: 28/79 MP: 0/0
  9013 | D:9      | Learned a level 4 spell: Airstrike
  9149 | D:9      | Found a glowing silver altar of Zin.
  9150 | D:9      | Noticed a manticore
  9154 | D:9      | Killed a manticore
  9700 | D:10     | Entered Level 10 of the Dungeon
  9729 | D:10     | Found a staircase to the Lair.
  9815 | D:10     | Found a staircase to the Orcish Mines.
  9910 | D:10     | Noticed an orc knight
  9941 | D:10     | Killed an orc knight
  9995 | D:10     | Noticed a cyclops
 10028 | D:10     | Reached skill level 10 in Spellcasting
 10146 | D:10     | Found a runed translucent door.
 10146 | D:10     | Noticed a cyclops
 10282 | D:10     | Killed a cyclops
 10388 | D:10     | Found a runed translucent door.
 10390 | D:10     | Noticed a storm dragon
 10391 | D:10     | Found a runed translucent door.
 10767 | D:10     | Noticed a brown ugly thing
 10776 | D:10     | Killed a brown ugly thing
 10798 | Orc:1    | Entered Level 1 of the Orcish Mines
 10801 | Orc:1    | Noticed an orc sorcerer
 10806 | Orc:1    | Killed an orc sorcerer
 10807 | Orc:1    | Reached XP level 12. HP: 56/88 MP: 0/0
 10812 | Orc:1    | Found a flagged portal.
 10824 | Bailey   | Entered a bailey
 10909 | Bailey   | Noticed an orc warlord
 10994 | Bailey   | Found a runed translucent gate.
 10994 | Bailey   | Found a runed translucent gate.
 11003 | Bailey   | Found a runed translucent gate.
 11180 | Bailey   | Killed an orc warlord
 11209 | Bailey   | Identified the +6 mace "Kiuruoz" {vorpal, *Rage rCorr
                  | Int+4}
 11387 | Orc:2    | Entered Level 2 of the Orcish Mines
 11421 | Orc:2    | Found a staircase to the Elven Halls.
 11429 | Orc:2    | Noticed a two-headed ogre
 11443 | Orc:2    | Noticed a two-headed ogre
 11443 | Orc:2    | Noticed a two-headed ogre
 11448 | Orc:1    | Reached skill level 10 in Dodging
 11503 | Orc:2    | Noticed a two-headed ogre
 11506 | Orc:1    | HP: 3/88 [deep troll (2)]
 11506 | Orc:1    | Slain by an ogre

Illustrated notes

Levels and vault maps discovered:
D:1:      dpeg_arrival_ratfight, layout_loops_corners
D:2:      minmay_wonky_spiral, layout_loops_ring,
          hellmonk_ecumenical_altar_crossroads
D:3:      layout_basic, kennysheep_okawaru_gauntlet, portal_sewer_entry_a,
          serial_shops, shop, uniq_terence
D:4:      layout_layer_cave, kennysheep_mini, elyvilon_altar_5,
          grunt_decor_one_mirror
D:5:      layout_basic, nicolae_overflow_hidden_temple, grunt_ministairs_7
D:6:      wad_lake_hut, layout_cave_pods, bloody_makhleb,
          minmay_temple_entry_statues_fountains, serial_shops, shop
D:7:      layout_rooms, minivault_11
D:8:      layout_cave_pools, chequers_temple_overflow_statue_of_worship,
          nicolae_tso_besieged_by_evil, old_standard_altar
D:9:      layout_irregular_city, nicolae_overflow_crystal_walls,
          minmay_checkerbox
D:10:     minmay_the_grid_four_pointed_star
          [minmay_the_grid_triangle_9x9_sparse_checkered,
          minmay_the_grid_triangle_9x9_longest,
          minmay_the_grid_triangle_9x9_fully_insulated_deathbox,
          minmay_the_grid_triangle_9x9_zippers_vertical,
          minmay_the_grid_prize_inner_circle], layout_loops_ring
Temple:   cyrus_temple_forest
Orc:1:    layout_caves, enter_bailey_5
Orc:2:    st_orc_open, layout_caves, serial_shops, shop

Skill      XL: |  1  2  3  4  5  6  7  8  9 10 11 12 |
---------------+-------------------------------------+-----
Spellcasting   | 3 4 5 7 8 9 10 | 10.8
Fighting       | 1 2 3 4 5 6 7 8 |  8.8
Dodging        | 3 4 5 6 7 8 9 10 | 10.0
Armour         | 6 8 |  8.7
Stealth        | |  1.5

Action                   |  1- 3 |  4- 6 |  7- 9 | 10-12 || total
-------------------------+-------+-------+-------+-------++-------
Melee: Unarmed           |     2 |     1 |    45 |    15 ||    63
       Headbutt          |       |       |       |     2 ||     2
 Cast: Foxfire           |    96 |    77 |   297 |    13 ||   483
       Fireball          |       |       |    12 |   142 ||   154
       Sticky Flame      |       |       |    10 |    26 ||    36
       Conjure Flame     |       |       |     2 |       ||     2
       Slow              |       |       |     2 |     6 ||     8
       Inner Flame       |       |       |     1 |     7 ||     8
       Summon Guardian G |       |       |       |     2 ||     2
       Beastly Appendage |       |       |       |     2 ||     2
       Wereblood         |       |       |       |     1 ||     1
       Airstrike         |       |       |       |    40 ||    40
Invok: Reject Sacrifices |       |       |     1 |       ||     1
  Use: Potion            |       |       |     1 |       ||     1
       Scroll            |       |       |       |     1 ||     1
Armor: Robe              |     4 |     1 |    14 |     8 ||    27
       Leather armour    |       |       |       |    36 ||    36
Dodge: Dodged            |    15 |    14 |    85 |    84 ||   198

Table legend: (Time is in decaauts)
 A = Elapsed time spent in this place.
 B = Non-inter-level travel time spent in this place.
 C = Inter-level travel time spent in this place.
 D = Time resting spent in this place.
 E = Time spent auto-exploring this place.
 F = Levels seen in this place.
 G = Mean time per level.
                   A        B        C        D        E       F      G
               +--------+--------+--------+--------+--------+-----+--------+
         Total |  11509 |  11109 |    400 |    672 |   7614 |  15 |  767.3 |
       Dungeon |   9872 |   9472 |    400 |    505 |   7063 |  10 |  987.2 |
        Temple |    375 |    375 |      0 |    100 |     82 |   1 |  375.0 |
  Orcish Mines |    315 |    315 |      0 |     40 |    145 |   2 |  157.5 |
         Sewer |    547 |    547 |      0 |      0 |    324 |   1 |  547.0 |
        Bailey |    397 |    397 |      0 |     27 |      0 |   1 |  397.0 |
               +--------+--------+--------+--------+--------+-----+--------+

Top non-repeatable levels by time:
     D:4: 1372 daAuts
     D:6: 1342 daAuts
     D:1: 1256 daAuts
     D:2: 1228 daAuts
    D:10: 1096 daAuts
     D:9: 983 daAuts
     D:5: 818 daAuts
     D:8: 681 daAuts
     D:3: 589 daAuts
   Sewer: 547 daAuts
     D:7: 502 daAuts
  Bailey: 397 daAuts
  Temple: 375 daAuts
   Orc:1: 283 daAuts
   Orc:2: 32 daAuts
